 Dungeon Crawl Stone Soup version 0.27.1-2-g3b301248ec (webtiles) character file.

Game seed: 16966585310979429824

674 bnorton916 the Conjurer (level 7, 0/36 HPs)
             Began as a Deep Elf Conjurer on Sept 23, 2021.
             Was an Initiate of Vehumet.
             Slain by a wraith (12 damage)
             ... on level 5 of the Dungeon.
             The game lasted 00:07:23 (5695 turns).

bnorton916 the Conjurer (Deep Elf Conjurer)         Turns: 5695, Time: 00:07:24

Health: 0/36       AC:  6    Str:  4    XL:     7   Next: 33%
Magic:  12/17      EV: 12    Int: 25    God:    Vehumet [......]
Gold:   250        SH:  0    Dex: 13    Spells: 3/16 levels left

rFire    . . .     SeeInvis .   (no weapon)
rCold    . . .     Faith    .   (no shield)
rNeg     . . .     Spirit   .   a - +0 robe
rPois    .         Reflect  .   t - +0 helmet
rElec    .         Harm     .   m - +2 cloak
rCorr    .         Rampage  .   (no gloves)
Will     .....                  (no boots)
Stlth    ++........             (no amulet)
HPRegen  0.12/turn              (no ring)
MPRegen  0.15/turn              (no ring)

@: slowed, very slow
A: no striking features
a: Renounce Religion


You were on level 5 of the Dungeon.
You worshipped Vehumet.
Vehumet was noncommittal.
You visited 2 branches of the dungeon, and saw 6 of its levels.

You collected 250 gold pieces.

Inventory:

Hand Weapons
 b - a +0 dagger of venom
 c - a +0 vampiric dagger
 r - a +0 short sword of flaming
Armour
 a - a +0 robe (worn)
 j - a +0 leather armour of fire resistance
 m - a +2 cloak (worn)
 t - a +0 helmet (worn)
Wands
 s - a wand of digging (11)
Scrolls
 d - a scroll of fear {unknown}
 e - a scroll of teleportation {unknown}
 f - a scroll of identify
 h - a scroll of holy word {unknown}
 n - 2 scrolls of vulnerability {unknown}
 o - a scroll of blinking {unknown}
 q - a scroll of noise
Potions
 g - a potion of curing {unknown}
 i - a potion of cancellation
 k - a potion of mutation {unknown}
 l - 2 potions of heal wounds {unknown}
 p - a potion of brilliance {unknown}
 u - a potion of might {unknown}


   Skills:
 - Level 2.4 Dodging
 - Level 2.4 Stealth
 - Level 5.4 Spellcasting
 - Level 5.8 Conjurations
 + Level 4.2 Hexes
 + Level 3.7 Translocations
 - Level 3.0 Air Magic
 - Level 2.0 Poison Magic


You had 3 spell levels left.
You knew the following spells:

 Your Spells              Type           Power      Damage    Failure   Level
a - Magic Dart            Conj           100%       1d8       1%          1
b - Searing Ray           Conj           70%        3d5       1%          2
c - Fulminant Prism       Conj/Hex       15%        3d11      10%         4
d - Iskenderun's Mystic   Conj/Tloc      30%        2d8       11%         4
e - Poisonous Vapours     Pois/Air       38%        N/A       4%          2

Your spell library contained the following spells:

 Spells                   Type           Power      Damage    Failure   Level
 Blink                    Tloc           N/A        N/A       2%          2
 Dazzling Flash           Conj/Hex       62%        N/A       3%          3
 Corpse Rot               Necr/Air       N/A        N/A       6%          2
 Ozocubu's Armour         Ice            6%         N/A       24%         3
 Manifold Assault         Tloc           25%        N/A       43%         5
 Freezing Cloud           Conj/Ice/Air   10%        6-21      54%         5
 Ozocubu's Refrigeration  Ice            3%         4d5       100%        7
 Storm Form               Tmut/Air       7%         N/A       100%        7


Dungeon Overview and Level Annotations

Branches:
Dungeon (5/15)             Temple (1/1) D:4

Altars:
Cheibriados
Dithmenos
Gozag
Hepliaklqana
Kikubaaqudgha
Makhleb
Okawaru
Qazlal
Sif Muna
Uskayaw
Vehumet
Xom
Zin
The Shining One

Shops:
D:4 *


Message History

Press: ? - help, Shift-Dir - straight line, f/p - adder skeleton
Aim: an adder skeleton (almost destroyed, 86% to hit)
The searing ray hits the adder skeleton!
You destroy the adder skeleton!
Vehumet accepts your kill. (Press . to maintain the ray.) Unknown command.
There is a stone staircase leading down here.
You now have 232 gold pieces (gained 20).
You see here 20 stones.
Found 8 gold pieces.
Found 10 gold pieces.
You now have 240 gold pieces (gained 8).
You now have 250 gold pieces (gained 10).
A wraith comes into view.
A wraith is nearby!
Casting: Searing Ray (safe; 1% risk of failure)
Confirm with . or Enter, or press ? or * to list all spells.
Aiming: Searing Ray (safe; 1% risk of failure)
Press: ? - help, Shift-Dir - straight line, f - wraith
Aim: a wraith (81% to hit)
The searing ray hits the wraith.
The wraith is lightly damaged. (Press . to maintain the ray.) Unknown command.
The searing ray hits the wraith!
The wraith is moderately damaged.
The wraith hits you! The wraith drains your vigour!
You feel yourself slow down.
The searing ray hits the wraith.
The wraith is moderately damaged.
The wraith hits you! The wraith drains your vigour!
You feel as though you will be slow longer.
The searing ray hits the wraith but does no damage.
The wraith is moderately damaged.
You finish channeling your searing ray.
The wraith hits you. The wraith drains your vigour!
You feel as though you will be slow longer.
The wraith hits you!
You die...

#.#.##...>.#######.#
##....#........).>..#
.......#.#.###.......
....#.#.####.#####.
#.#.###.....#.# #.
#.#.# #..##.#.# #.
#.##.#.# #..##.#.# #.
#....W.###..##.#.# #.
#..@.....##.#.# #.
###.###.###.#.# #.
#.# #.# #.#.# #. #.#
#.# #...# #.. #.# #.#
##### .#[ #.. ... #)
#.# #.. ## #.# ...
###### ......


You could see a wraith.

Vanquished Creatures
  2 ogres (D:5)
  A phantom (D:5)
  A scorpion (D:4)
  3 hounds
  2 orc priests
  Ijyb (D:5)
  A mummy (D:4)
  5 adders
  A gnoll (D:1)
  A howler monkey skeleton (D:3)
  A white imp (D:5)
  An adder skeleton (D:5)
  2 worms
  2 dart slugs
  8 orcs
  7 endoplasms
  A giant cockroach (D:4)
  8 goblins
  10 hobgoblins
  10 jackals
  10 kobolds
  3 quokkas (D:1)
  7 ball pythons
  3 bats (D:2)
  2 frilled lizards (D:1)
  6 rats
99 creatures vanquished.

Vanquished Creatures (others)
  An orc wizard (D:4)
1 creature vanquished.

Grand Total: 100 creatures vanquished

Notes
Turn   | Place    | Note
-------+----------+-------------------------------------------
     0 | D:1      | bnorton916 the Deep Elf Conjurer began the quest for the
                  | Orb.
     0 | D:1      | Reached XP level 1. HP: 10/10 MP: 6/6
   386 | D:1      | Reached XP level 2. HP: 15/15 MP: 2/8
   389 | D:1      | Learned a level 2 spell: Searing Ray
   619 | D:1      | Reached skill level 5 in Conjurations
   619 | D:1      | Reached XP level 3. HP: 19/19 MP: 2/10
  1746 | D:2      | Reached XP level 4. HP: 24/24 MP: 8/12
  2149 | D:2      | Learned a level 4 spell: Fulminant Prism
  2154 | D:2      | Learned a level 4 spell: Iskenderun's Mystic Blast
  2229 | D:2      | Found a faded altar of an unknown god.
  2294 | D:2      | Reached skill level 5 in Spellcasting
  3187 | D:3      | Reached XP level 5. HP: 28/28 MP: 11/14
  3225 | D:3      | Learned a level 2 spell: Poisonous Vapours
  3516 | D:4      | Found an iron altar of Okawaru.
  3727 | D:4      | Reached skill level 1 in Hexes
  3727 | D:4      | Reached skill level 1 in Translocations
  3727 | D:4      | Reached skill level 1 in Air Magic
  3727 | D:4      | Reached skill level 1 in Poison Magic
  4056 | D:4      | Found a staircase to the Ecumenical Temple.
  4150 | Temple   | Entered the Ecumenical Temple
  4328 | Temple   | Became a worshipper of Vehumet
  4397 | D:4      | Reached XP level 6. HP: 30/32 MP: 10/16
  4482 | D:4      | Found Olligur's Gadget Gallery.
  4515 | D:4      | Found a snail-covered altar of Cheibriados.
  4548 | D:5      | Entered Level 5 of the Dungeon
  5424 | D:5      | Reached XP level 7. HP: 36/36 MP: 10/17
  5493 | D:5      | Noticed Ijyb
  5496 | D:5      | Killed Ijyb
  5691 | D:5      | Noticed a wraith
  5695 | D:5      | Slain by a wraith

Illustrated notes

Levels and vault maps discovered:
D:1:      dpeg_arrival_rhombus, layout_loops_cross, minmay_hexomino_p4
D:2:      layout_basic, shapermc_ecumenical_altar_ellora, kennysheep_crisscross
D:3:      layout_loops_ring, hangedman_decor_push, roderic_lattice_a
D:4:      layout_loops_cross, slow_altar_2, kennysheep_little_box,
          minmay_temple_entry_poolview, nicolae_shop_gadgets
D:5:      layout_loops_ring, uniq_ijyb
Temple:   minmay_temple_bridge_abc

Skill      XL: |  1  2  3  4  5  6  7 |
---------------+----------------------+-----
Spellcasting   | 4 5 |  5.4
Conjurations   | 5 |  5.8
Hexes          | 2 3 4 |  4.2
Translocations | 1 3 |  3.7
Air Magic      | 1 2 3 |  3.0
Poison Magic   | 1 2 |  2.0
Dodging        | |  2.4
Stealth        | |  2.4

Action                   |  1- 3 |  4- 6 |  7- 9 || total
-------------------------+-------+-------+-------++-------
 Cast: Magic Dart        |    68 |    67 |     4 ||   139
       Searing Ray       |     5 |    15 |     5 ||    25
       Poisonous Vapours |       |    10 |       ||    10
  Use: Scroll            |       |     2 |       ||     2
       Potion            |       |     1 |       ||     1
Armor: Robe              |     1 |    14 |       ||    15
Dodge: Dodged            |     4 |    17 |       ||    21
